 Dungeon Crawl Stone Soup version 0.29-a0-275-g389c0b56f3 (webtiles) character file.

Game seed: 17541609712632425099

12189 drugrobin the Cleaver (level 11, 0/142 HPs)
             Began as a Demigod Fighter on Mar 13, 2022.
             Slain by a sixfirhy (11 damage)
             ... in a Gauntlet.
             The game lasted 00:35:04 (14771 turns).

drugrobin the Cleaver (Demigod Fighter)            Turns: 14771, Time: 00:35:14

Health: 0/142      AC: 22    Str: 29    XL:     11   Next: 33%
Magic:  14/14      EV:  7    Int: 10    God:
Gold:   489        SH:  5    Dex: 19    Spells: 10/10 levels left

rFire   . . .      SeeInvis .   a - +0 war axe
rCold   . . .      Faith    .   B - +0 buckler
rNeg    . . .      Spirit   .   T - +10 plate armour of Youthful Indiscretion {rPois Will+}
rPois   +          Reflect  .   (no helmet)
rElec   .          Harm     .   e - scarf {repulsion}
rCorr   .          Rampage  .   U - +0 pair of gloves
Will    +++..      NoTele   +   (no boots)
Stlth   ..........              f - amulet of the acrobat
HPRegen 0.33/turn               y - +6 ring of dexterity
MPRegen 0.14/turn               s - ring of willpower

@: berserking, invisible, repel missiles, very quick
A: high MP 1, forlorn, divine attributes
a: no special abilities


You were in a Gauntlet.
You visited 2 branches of the dungeon, and saw 11 of its levels.
You also visited: Bailey and Gauntlet.

You collected 489 gold pieces.

Inventory:

Hand Weapons
 a - a +0 war axe (weapon)
 b - the +9 staff of Olgreb {rPois∞}
   (You acquired it on level 7 of the Dungeon)

   If the wielder is skilled in Evocations, they can envenom those struck by it,
   dealing poison damage which bypasses armour.
   It enhances your poison magic.
   It grants immunity to poison.
   It can be activated via the 'a'bility menu to radiate toxic energy, with
   effectiveness depending on Evocations skill.
 c - a +0 demon whip of venom
 A - a +2 vorpal mace
Missiles
 j - 15 poisoned darts
 P - 2 javelins
 Q - 3 boomerangs (quivered)
 Y - 2 curare-tipped darts
Armour
 e - a scarf of repulsion (worn)
 u - a scarf of resistance
 B - a +0 buckler (worn)
 T - the +10 plate armour of Youthful Indiscretion (worn) {rPois Will+}
   (You took it off an orc warrior on level 7 of the Dungeon)

   rPois:     It protects you from poison.
   Will:      It increases your willpower.
 U - a +0 pair of gloves (worn)
Jewellery
 f - an amulet of the acrobat (around neck)
 h - a ring of see invisible
 l - the ring "Irreuq" {rElec rCorr Dex-5 SInv}
   (You found it in a Gauntlet)

   [ring of resist corrosion]

   Dex:       It affects your dexterity (-5).
   rElec:     It insulates you from electricity.
   SInv:      It lets you see invisible.
   rCorr:     It protects you from acid and corrosion.
 s - a ring of willpower (right hand)
 y - a +6 ring of dexterity (left hand)
 D - a ring of ice
 X - a +6 ring of intelligence
Wands
 k - a wand of polymorph (13)
 p - a wand of paralysis (2)
 E - a wand of flame (32)
 I - a wand of digging (6)
 J - a wand of acid (6)
Scrolls
 g - a scroll of silence {unknown}
 i - a scroll of torment {unknown}
 m - 2 scrolls of magic mapping {unknown}
 n - 10 scrolls of teleportation
 o - a scroll of enchant weapon {unknown}
 q - 2 scrolls of enchant armour {unknown}
 r - 3 scrolls of fog {unknown}
 t - 2 scrolls of amnesia {unknown}
 w - 2 scrolls of fear {unknown}
 x - 3 scrolls of blinking {unknown}
 K - a scroll of holy word {unknown}
 Z - a scroll of brand weapon {unknown}
Potions
 d - 4 potions of might
 v - 2 potions of brilliance
 z - 3 potions of berserk rage
 C - 3 potions of magic
 F - a potion of heal wounds
 G - a potion of lignification
 H - 8 potions of haste
 M - a potion of mutation {unknown}
 N - a potion of resistance {unknown}
 O - a potion of cancellation {unknown}
 R - a potion of curing
 S - a potion of attraction {unknown}
 W - a potion of flight


   Skills:
 + Level 8.6 Fighting
 + Level 13.4 Axes
 - Level 2.6 Armour
 - Level 2.6 Shields
 + Level 6.9 Evocations


You had 10 spell levels left.
You didn't know any spells.
Your spell library contained the following spells:

 Spells                   Type           Power      Damage    Failure   Level
 Animate Skeleton         Necr           0%         N/A       99%         1
 Magic Dart               Conj           0%         1d3       99%         1
 Pain                     Necr           0%         1d4       99%         1
 Call Imp                 Summ           0%         N/A       100%        2
 Searing Ray              Conj           0%         2d4       100%        2
 Ignite Poison            Fire/Tmut/Pois 0%         N/A       100%        3
 Mephitic Cloud           Conj/Pois/Air  0%         N/A       100%        3
 Vampiric Draining        Necr           0%         2d6       100%        3
 Cause Fear               Hex            0%         N/A       100%        4
 Fulminant Prism          Conj/Hex       0%         3d6       100%        4
 Fireball                 Conj/Fire      0%         3d3       100%        5
 Freezing Cloud           Conj/Ice/Air   0%         6-21      100%        5
 Starburst                Conj/Fire      0%         6d3       100%        6
 Dragon Form              Tmut           0%         N/A       100%        7
 Ignition                 Fire           0%         3d3       100%        8
 Dragon's Call            Summ           0%         N/A       100%        9


Dungeon Overview and Level Annotations

Branches:
Dungeon (10/15)            Temple (0/1) D:5            Lair (1/6) D:10
 Bailey (visited)         Gauntlet (1/1)
    Orc: D:9-12

Annotations:
Gauntlet 6 transporters


Innate Abilities, Weirdness & Mutations

You have an increased reservoir of magic. (+10% MP)
You shall have no god before yourself.
Your divine heritage dramatically boosts your attributes as you level up.


Message History

Unknown command.
A red film seems to cover your vision as you go berserk!
You feel yourself moving faster!
You feel mighty!
The flying skull gives a hideous shriek! x5
The sixfirhy hits you but does no damage.
The minotaur zombie hits you.
* * * LOW HITPOINT WARNING * * *
You block the minotaur zombie's attack.
Unknown command.
You miss the sixfirhy.
The sixfirhy is moderately wounded.
The flying skull gives a hideous shriek!
You hit the minotaur zombie but do no damage.
The flying skull gives a hideous shriek! x4
The minotaur zombie hits you but does no damage.
The minotaur zombie gores you.
* * * LOW HITPOINT WARNING * * *
Unknown command.
Unknown command.
Unknown command.
You completely miss the sixfirhy.
The sixfirhy is moderately wounded.
You strike the helpless minotaur zombie from behind!
You slash the minotaur zombie!
The flying skull gives a hideous shriek! x6
Unknown command.
Unknown command.
Unknown command.
Unknown command.
Unknown command.
Unknown command.
Unknown command.
You slash the sixfirhy!
The sixfirhy is heavily wounded.
You slash the minotaur zombie!
The flying skull gives a hideous shriek! x4
The sixfirhy hits you.
* * * LOW HITPOINT WARNING * * *
The sixfirhy shocks you!
You die...

##....#....#..#####
.#.#.©#..#=#..#≈8≈#
©#.######.©#..#...#
.#.#..#..#!#..#.8.#
##....#...$#..#...##.
.#...###..3#..#.8....
.#........3#..#...##.
.###########..#.3.#
.............≈#.@.##
§............∩#.Z....#
.............≈#.©.##.#
.###########..#...# ..
.#..z....zz#..#...## #
.#.z##^##.z#..#.8...
##z#..#..#z#..#.§§##
.#.#^.#.^#z#..#.8.#
©#..#####.©#..#...#


You could see 3 sixfirhies, 5 flying skulls and a minotaur zombie (can't see
you).

Vanquished Creatures
  2 two-headed ogres
  Amaemon (Lair:1)
  An orc knight (Bailey)
  A cyclops (D:10)
  An eye of devastation (Gauntlet)
  An orange demon (Lair:1)
  A komodo dragon (D:10)
  Psyche (D:10)
  Grinder (D:6)
  4 hornets
  Prince Ribbit (D:9)
  A shadow (D:9)
  A wraith (D:10)
  Sigmund (D:6)
  10 yaks
  2 wyverns
  Eustachio (D:6)
  A golden eye (Gauntlet)
  3 steam dragons
  A warg (D:8)
  3 water moccasins (Lair:1)
  The ghost of SirDiesAlot the Magician, an amateur SpCj of Dithmenos (D:4)
  5 orc warriors
  An ice beast (D:6)
  5 centaurs
  3 kobold brigands
  A bullfrog (Lair:1)
  2 necrophages (D:5)
  A scorpion (D:6)
  18 wights
  7 killer bees
  8 howler monkeys
  5 orc priests
  2 hounds
  4 iguanas
  11 orc wizards
  11 gnolls
  11 adders
  3 white imps
  4 ufetubi
  The ghost of spaghetti the Sneak, a weakling DDDe (D:6)
  A dart slug (D:2)
  36 orcs
  7 bats
  3 endoplasms
  2 giant cockroaches (D:3)
  10 goblins
  A hobgoblin (D:4)
  30 kobolds
  3 quokkas
  6 ball pythons
  4 frilled lizards
  3 rats
249 creatures vanquished.

Vanquished Creatures (collateral kills)
  A scorpion (D:5)
1 creature vanquished.

Vanquished Creatures (others)
  7 plants
7 creatures vanquished.

Grand Total: 257 creatures vanquished

Notes
Turn   | Place    | Note
-------+----------+-------------------------------------------
     0 | D:1      | drugrobin the Demigod Fighter began the quest for the Orb.
     0 | D:1      | Reached XP level 1. HP: 18/18 MP: 3/3
    24 | D:1      | Reached skill level 2 in Axes
   540 | D:1      | Reached XP level 2. HP: 24/25 MP: 4/4
  1032 | D:2      | Reached skill level 3 in Axes
  1435 | D:2      | Reached XP level 3. HP: 22/30 MP: 5/5
  1957 | D:3      | Reached skill level 4 in Axes
  1996 | D:3      | Reached XP level 4. HP: 32/37 MP: 6/6
  2739 | D:3      | Reached skill level 5 in Axes
  2739 | D:3      | Reached XP level 5. HP: 31/42 MP: 7/7
  3027 | D:4      | Identified the +0 leather armour of Usamerena {Harm Dex+7}
  3585 | D:4      | Found a runed translucent door.
  3588 | D:4      | Noticed SirDiesAlot's ghost (amateur SpCj)
  3625 | D:5      | Entered Level 5 of the Dungeon
  4012 | D:5      | Reached skill level 6 in Axes
  4012 | D:5      | Reached XP level 6. HP: 38/50 MP: 8/8
  4281 | D:5      | Noticed a steam dragon
  4644 | D:6      | Noticed Eustachio
  4710 | D:6      | Killed Eustachio
  4711 | D:6      | Reached skill level 7 in Axes
  4711 | D:6      | Reached XP level 7. HP: 20/56 MP: 9/9
  4966 | D:5      | Found a staircase to the Ecumenical Temple.
  5061 | D:5      | Killed a steam dragon
  5214 | D:6      | Noticed Grinder
  5220 | D:6      | Killed Grinder
  5221 | D:6      | Reached skill level 8 in Axes
  5299 | D:6      | Reached skill level 9 in Axes
  5368 | D:6      | Noticed a two-headed ogre
  5380 | D:6      | Killed a two-headed ogre
  5381 | D:6      | Reached skill level 10 in Axes
  5381 | D:6      | Reached XP level 8. HP: 62/62 MP: 10/10
  5502 | D:6      | Noticed Sigmund
  5508 | D:6      | Killed Sigmund
  5728 | D:6      | Reached skill level 11 in Axes
  6513 | D:6      | Reached XP level 9. HP: 64/70 MP: 11/11
  6799 | D:4      | Killed SirDiesAlot's ghost
  6999 | D:7      | Identified a scroll of acquirement
  7000 | D:7      | Acquired the +9 staff of Olgreb {rPois∞}
  7000 | D:7      | Found the +9 staff of Olgreb {rPois∞}
  7065 | D:7      | Found a runed translucent gate.
  7065 | D:7      | Noticed spaghetti's ghost (weakling DDDe)
  7066 | D:7      | Identified the +10 plate armour of Youthful Indiscretion
                  | {rPois Will+}
  7066 | D:7      | Found a runed translucent gate.
  7067 | D:7      | Found a runed translucent gate.
  8537 | D:8      | Found a flagged portal.
  8550 | D:8      | Reached skill level 1 in Evocations
  8557 | D:8      | Reached skill level 5 in Fighting
  8879 | Bailey   | Entered a bailey
  9390 | Bailey   | Noticed an orc knight
  9429 | Bailey   | Killed an orc knight
  9877 | D:8      | Reached skill level 12 in Axes
 10672 | D:8      | Reached XP level 10. HP: 51/83 MP: 13/13
 11077 | D:6      | Killed spaghetti's ghost
 11779 | D:9      | Noticed a two-headed ogre
 11962 | D:9      | Noticed Prince Ribbit
 11980 | D:9      | Killed Prince Ribbit
 12057 | D:9      | Identified the +3 dagger "Onis" {drain, MP+9 Int+5}
 12172 | D:9      | Killed a two-headed ogre
 12173 | D:9      | Reached skill level 5 in Evocations
 13039 | D:10     | Entered Level 10 of the Dungeon
 13045 | D:10     | Noticed a cyclops
 13056 | D:10     | Killed a cyclops
 13236 | D:10     | Noticed Psyche
 13482 | D:10     | Killed Psyche
 13567 | D:10     | Reached skill level 13 in Axes
 13842 | D:10     | Found a staircase to the Lair.
 13856 | D:10     | Reached XP level 11. HP: 78/94 MP: 14/14
 13919 | Lair:1   | Entered Level 1 of the Lair of Beasts
 13919 | Lair:1   | Noticed Amaemon
 13935 | Lair:1   | Killed Amaemon
 13936 | Lair:1   | Found a gate leading to a gauntlet.
 14172 | Gauntlet | Entered a Gauntlet
 14172 | Gauntlet | Found a transporter.
 14172 | Gauntlet | Found a transporter.
 14172 | Gauntlet | Found a transporter.
 14218 | Gauntlet | Found a transporter.
 14221 | Gauntlet | Found a transporter.
 14221 | Gauntlet | Found a transporter.
 14231 | Gauntlet | Found a transporter.
 14235 | Gauntlet | Found a transporter.
 14242 | Gauntlet | Noticed a sixfirhy
 14242 | Gauntlet | Noticed a sixfirhy
 14245 | Gauntlet | Found a transporter.
 14245 | Gauntlet | Noticed a sixfirhy
 14350 | Gauntlet | Found a transporter.
 14353 | Gauntlet | Found a transporter.
 14364 | Gauntlet | Found a transporter.
 14738 | Gauntlet | Identified the ring "Irreuq" {rElec rCorr Dex-5 SInv}
 14753 | Gauntlet | Identified the ring "Cororr" {rF+ AC+4 Dex+2 Slay-2}
 14766 | Gauntlet | HP: 4/95 [minotaur zombie (12)]
 14771 | Gauntlet | Slain by a sixfirhy

Illustrated notes

Levels and vault maps discovered:
D:1:      elethiomel_arrival_quiet, layout_basic,
          chequers_serial_rivers_small_3, minmay_splitting_lines,
          minmay_stone_trees_small
D:2:      layout_rooms, ebering_ecumenical_altar_mist
D:3:      layout_basic
D:4:      layout_gridville, evilmike_ruin_ashenzari,
          ebering_ghost_reflecting_pool, hex_medium, minmay_misc_feat_iff
D:5:      layout_loops_ring, minmay_temple_entry_from_below_a
D:6:      layout_basic, uniq_grinder, uniq_sigmund, uniq_eustachio
D:7:      kennysheep_kobold_camp, layout_gridville, biasface_ghost_orc_armoury
D:8:      cheibrodos_iron_armory, layout_basic, enter_bailey_5
D:9:      layout_basic, kennysheep_generic_room_2, uniq_prince_ribbit1
D:10:     layout_cave_pools, david_lair_shrubbed, minmay_holes, uniq_psyche
Lair:1:   layout_hall_layers, gauntlet_entry_generic, grunt_megastairs_2,
          uniq_amaemon
Gauntlet: gammafunk_gauntlet_hard_choice [nicolae_gauntlet_arena_flowing_pool,
          nicolae_gauntlet_swirl, gammafunk_gauntlet_arena_corners,
          gammafunk_gauntlet_arena_teeth, nicolae_gauntlet_arena_t_cross,
          nicolae_gauntlet_arena_quarters, gauntlet_exit_hidden_loot]

Skill      XL: |  1  2  3  4  5  6  7  8  9 10 11 |
---------------+----------------------------------+-----
Axes           | 2 3 4 5 6 7 10 11 12 13 | 13.4
Fighting       | 3 6 7 8 |  8.6
Evocations     | 3 6 |  6.9
Armour         | |  2.6
Shields        | |  2.6

Action                   |  1- 3 |  4- 6 |  7- 9 | 10-12 || total
-------------------------+-------+-------+-------+-------++-------
Melee: War axe           |   119 |   161 |   182 |   148 ||   610
       Dagger            |       |       |    18 |       ||    18
       Staff             |       |       |    40 |    77 ||   117
       Trident           |       |       |     5 |     1 ||     6
Throw: Dart              |    13 |     3 |     2 |     1 ||    19
       Boomerang         |       |       |       |     4 ||     4
 Abil: Evoke the Staff o |       |       |    22 |    35 ||    57
Evoke: Wand              |       |     2 |    13 |       ||    15
  Use: Potion            |       |     2 |       |     4 ||     6
       Scroll            |       |       |     6 |     3 ||     9
 Stab: Paralysed         |       |     5 |    18 |       ||    23
       Invisible         |       |       |       |     4 ||     4
Armor: Scale mail        |    58 |    35 |       |       ||    93
       Crystal plate arm |       |   114 |   169 |    13 ||   296
       Plate armour      |       |       |       |   154 ||   154
Dodge: Dodged            |    47 |    70 |    71 |   131 ||   319
       Repelled          |       |     1 |     2 |       ||     3
Block: Buckler           |    34 |    39 |    67 |    78 ||   218

Table legend: (Time is in decaauts)
 A = Elapsed time spent in this place.
 B = Non-inter-level travel time spent in this place.
 C = Inter-level travel time spent in this place.
 D = Time resting spent in this place.
 E = Time spent auto-exploring this place.
 F = Levels seen in this place.
 G = Mean time per level.
                   A        B        C        D        E       F      G
               +--------+--------+--------+--------+--------+-----+--------+
         Total |  14883 |  14127 |    756 |   4787 |   6148 |  13 | 1144.8 |
       Dungeon |  13119 |  12363 |    756 |   4092 |   5741 |  10 | 1311.9 |
          Lair |    255 |    255 |      0 |    184 |      0 |   1 |  255.0 |
        Bailey |    909 |    909 |      0 |    466 |    138 |   1 |  909.0 |
      Gauntlet |    599 |    599 |      0 |     45 |    269 |   1 |  599.0 |
               +--------+--------+--------+--------+--------+-----+--------+

Top non-repeatable levels by time:
     D:7: 2002 daAuts
     D:6: 1846 daAuts
     D:8: 1716 daAuts
     D:9: 1552 daAuts
     D:5: 1384 daAuts
     D:3: 1263 daAuts
     D:1: 1034 daAuts
     D:4: 914 daAuts
  Bailey: 909 daAuts
     D:2: 780 daAuts
    D:10: 624 daAuts
Gauntlet: 599 daAuts
  Lair:1: 255 daAuts
